Map: Washout LE

Players

ricko - Winner!

  • Race: Terran Terran
  • League: Diamond

A.I. 2 (Elite)

  • Race: Zerg Zerg

VOD

Have the link to the VOD?

Description

Time

  • Played on: Oct. 15, 2026, 1:29 p.m.
  • Length: 9:17
Show
View Real Time Build Order
Export as new Build Order

ricko Terran - Winner!

Build Orders: 2 Factory, Hellion Opening, Mech 

Get SALT Encoding   

  12  0:00  SCV  
  13  0:12  SCV  
  14  0:17  Supply Depot  
  14  0:24  SCV  
  14  0:27  Refinery  
  15  0:38  SCV  
  16  0:44  Barracks  
  16  0:51  SCV  
  17  1:03  SCV  
  18  1:15  SCV  
  19  1:31  Orbital Command  
  19  1:34  Factory  
  19  1:47  Barracks Reactor  
  19  1:54  Command Center  
  19  1:59  SCV  
  20  2:05  Supply Depot  
  20  2:11  SCV  
  21  2:28  SCV  
  22  2:30  Hellion  
  22  2:31  Hellion  
  22  2:36  Refinery  
  26  2:39  Factory  
  26  2:40  SCV  
  27  2:52  Hellion x2  
  27  2:55  Barracks Tech Lab  
  31  3:05  SCV  
  31  3:08  Orbital Command  
  32  3:18  Hellion  
  32  3:19  Hellion  
  36  3:23  SCV  
  37  3:30  Supply Depot  
  37  3:32  Infernal Pre-Igniter  
  37  3:35  SCV  
  36  3:53  SCV x2  
  38  4:01  Siege Tank  
  38  4:02  Hellion x2  
  39  4:05  SCV x2  
  39  4:08  Barracks Tech Lab  
  39  4:09  Factory  
  41  4:13  Supply Depot  
  41  4:17  SCV x2  
  41  4:23  Armory  
  43  4:25  Hellion  
  45  4:33  Siege Tank  
  45  4:34  SCV  
  45  4:35  SCV  
  50  4:46  Supply Depot  
  50  4:47  SCV x2  
  50  4:51  Hellion x2  
  56  4:59  SCV  
  57  5:00  Refinery  
  57  5:04  SCV  
  57  5:05  Siege Tank  
  61  5:09  Supply Depot  
  61  5:10  Refinery, Siege Tank  
  61  5:11  SCV  
  65  5:17  SCV  
  66  5:24  SCV  
  66  5:27  Terran Vehicle Weapons Level 1  
  67  5:32  Supply Depot  
  71  5:35  Hellion x2  
  71  5:46  SCV x2  
  71  5:47  Siege Tank  
  78  5:54  Siege Tank  
  78  5:55  Supply Depot  
  79  5:59  Supply Depot  
  79  6:00  SCV x2  
  81  6:05  Hellion  
  81  6:06  Hellion  
  83  6:12  SCV  
  83  6:15  Barracks Tech Lab  
  83  6:17  Barracks Reactor  
  83  6:18  SCV, Factory  
  83  6:19  Factory  
  83  6:24  Supply Depot, SCV  
  84  6:29  Cyclone  
  84  6:30  Hellion, SCV  
  90  6:36  SCV  
  90  6:38  Cyclone  
  90  6:39  Supply Depot  
  94  6:42  SCV  
  94  6:45  Mag-Field Accelerator  
  95  6:49  Supply Depot  
  95  6:53  SCV  
  96  6:54  SCV  
  97  7:02  Supply Depot  
  97  7:05  Factory Tech Lab  
  97  7:11  Supply Depot  
  97  7:23  Siege Tank x2  
  97  7:24  Hellion x3  
  97  7:25  Hellion x2  
  97  7:27  Supply Depot  
  110  7:45  Hellion  
  110  7:46  Hellion x3, Siege Tank  
  115  7:57  Siege Tank  
  115  7:58  Cyclone  
  119  8:18  Cyclone  
  120  8:35  Siege Tank x2  
  120  8:40  Hellion x3  
Show
View Real Time Build Order
Export as new Build Order

A.I. 2 (Elite) Zerg 

Build Orders: Pool First 

Get SALT Encoding   

  12  0:00  Drone  
  13  0:12  Overlord  
  13  0:16  Drone  
  14  0:30  Drone x2  
  16  0:43  Spawning Pool  
  16  0:45  Drone  
  16  0:49  Drone  
  17  1:10  Hatchery  
  16  1:12  Drone  
  16  1:15  Extractor  
  16  1:17  Drone  
  17  1:21  Drone  
  18  1:28  Drone  
  19  1:38  Overlord  
  19  1:49  Queen, Drone  
  22  2:00  Zergling x2  
  23  2:10  Drone  
  24  2:21  Drone  
  25  2:25  Queen  
  27  2:30  Roach Warren  
  27  2:33  Drone  
  27  2:35  Extractor  
  26  2:37  Drone  
  26  2:44  Overlord  
  27  2:47  Drone  
  27  2:51  Drone  
  29  2:53  Drone  
  29  2:57  Drone  
  31  3:01  Drone  
  31  3:02  Zergling x2  
  33  3:06  Zergling x2  
  33  3:11  Roach  
  36  3:15  Roach  
  36  3:19  Roach  
  40  3:23  Roach  
  40  3:25  Drone  
  43  3:28  Drone  
  43  3:33  Overlord  
  42  3:35  Zergling x2  
  42  3:37  Zergling x2  
  44  3:41  Drone  
  44  3:44  Drone  
  39  3:50  Drone  
  39  3:54  Drone  
  40  3:57  Drone  
  40  4:02  Drone  
  41  4:05  Zergling x2  
  41  4:09  Drone  
  43  4:11  Drone  
  44  4:21  Lair  
  44  4:27  Metabolic Boost  
  44  4:31  Drone  
  44  4:33  Drone  
  44  4:36  Drone  
  47  4:39  Drone  
  47  4:41  Drone  
  47  4:43  Drone  
  50  4:45  Drone  
  50  4:50  Overlord  
  51  4:57  Evolution Chamber, Drone  
  51  5:03  Evolution Chamber  
  50  5:08  Roach  
  50  5:13  Overlord  
  52  5:15  Roach  
  52  5:18  Drone  
  52  5:19  Drone  
  56  5:21  Drone, Hydralisk Den  
  56  5:23  Drone  
  56  5:25  Drone  
  58  5:31  Overlord, Drone  
  58  5:32  Drone  
  58  5:34  Drone  
  61  5:36  Drone  
  61  5:37  Drone  
  61  5:39  Drone  
  61  5:41  Drone  
  65  5:43  Drone  
  65  5:49  Drone  
  67  5:50  Hydralisk  
  67  5:51  Infestation Pit  
  67  5:53  Overlord  
  67  5:56  Hydralisk  
  68  6:00  Roach  
  68  6:02  Roach  
  74  6:10  Roach, Drone  
  74  6:12  Drone, Roach  
  74  6:13  Overlord  
  74  6:15  Drone  
  74  6:17  Drone  
  77  6:26  Ravager, Zerg Missile Weapons Level 1, Zerg Ground Armor Level 1  
  77  6:28  Infestor, Roach  
  77  6:31  Overlord  
  82  6:38  Hatchery  
  81  6:49  Infestor, Extractor  
  81  6:51  Drone  
  81  6:52  Extractor, Drone  
  83  7:03  Ravager  
  83  7:08  Roach  
  86  7:12  Drone  
  86  7:13  Drone x2, Overlord  
  86  7:15  Drone x2, Zergling x6  
  94  7:16  Drone  
  94  7:19  Evolution Chamber, Drone  
  95  7:30  Hydralisk  
  95  7:32  Overlord  
  95  7:35  Hydralisk  
  99  7:41  Zergling x4  
  99  7:42  Zergling x2  
  101  7:45  Zergling x4  
  101  7:47  Zergling x2  
  101  7:48  Zergling x4, Roach  
  101  7:49  Overseer  
  101  7:50  Roach x2  
  84  7:54  Roach  
  75  8:01  Roach x2  
  75  8:04  Hydralisk  
  75  8:05  Extractor  
  74  8:11  Hydralisk  
  74  8:12  Drone  
  71  8:14  Roach, Drone x2  
  71  8:16  Drone  
  71  8:17  Drone x3  
  65  8:22  Zergling x2  
  53  8:27  Zergling x2  
Tags
 
Add a new tag
Caveats
  • Supply blocks, unpowered buildings, or Contaminate may cause inaccurate times.
  • Supply counts are checked every 10 seconds.